AoeStats
← R3aLPopado

Arena

509773558Analyzed
4v4 RM · 6d ago on Sep 28, 2026· 37m 8s· 8 players
Game mode
Random Map
Map size
Large (8 player)
Population
200
Speed
Normal
Resources
Standard
Victory
Conquest
Starting age
Dark Age
Ending age
Imperial Age
RankedLock teamsTeams togetherTeam positionsShared explorationLock speedFull tech treeHidden civsTurbo modeCheats
Victory
Defeat
🇪🇸 Varangians · Spain
987
+13
🇪🇸 Turks · Spain
955
+14
🇩🇪 Burgundians · Germany
918
+16
🇦🇷 Turks · Argentina
903
+16
🇦🇷 Romans · Argentina
1089
-22
🇦🇷 Burgundians · Argentina
954
-16
🇺🇸 Bohemians · United States
852
-12
🇦🇷 Teutons · Argentina
760
-9
xeniltildor
11:44 Feudal Age
16:20 Castle Age
14:12 Double-Bit Axe
14:07 Horse Collar
17:48 Bow Saw
17:45 Heavy Plow
20:08 Two-Man Saw
20:16 Crop Rotation
30:15 Imperial Age
28:25 Wheelbarrow
27:44 Gold Mining
27:44 Stone Mining
28:18 Forging
28:17 Scale Barding Armor
29:30 Cavalier
30:10 Husbandry
29:31 Light Cavalry
30:50 Iron Casting
30:36 Chain Barding Armor
31:02 Gold Shaft Mining
30:27 Stone Mining
30:57 Paladin
31:01 Hussar
32:37 Stone Shaft Mining
32:38 Conscription
33:24 Blast Furnace
33:50 Plate Barding Armor
Elamb
10:27 Feudal Age
11:18 Double-Bit Axe
11:16 Horse Collar
16:24 Castle Age
21:14 Scale Barding Armor
22:01 Wheelbarrow
21:44 Bloodlines
22:26 Heavy Plow
23:49 Forging
24:41 Loom
24:45 Town Watch
25:18 Hand Cart
26:24 Husbandry
27:04 Chain Barding Armor
30:50 Imperial Age
31:07 Cavalier
32:24 Plate Barding Armor
32:27 Iron Casting
DisresPeek
10:35 Feudal Age
10:42 Loom
14:36 Castle Age
12:35 Double-Bit Axe
13:38 Town Watch
25:57 Bow Saw
27:40 Wheelbarrow
26:48 Horse Collar
32:28 Imperial Age
31:22 Bloodlines
31:13 Husbandry
31:05 Fletching
32:16 Heavy Plow
32:34 Gold Mining
33:04 Stone Mining
33:28 Padded Archer Armor
34:44 Gold Shaft Mining
37:16 Conscription
37:50 Hand Cart
Bauti
5:36 Loom
12:53 Feudal Age
14:56 Double-Bit Axe
15:05 Gold Mining
17:37 Castle Age
15:53 Horse Collar
22:34 Imperial Age
23:55 Scale Barding Armor
24:49 Forging
28:18 Bow Saw
29:22 Bloodlines
30:20 Husbandry
30:52 Chain Barding Armor
32:59 Plate Barding Armor
33:00 Iron Casting
33:48 Heavy Camel Rider
34:45 Stone Mining
36:15 Heavy Plow
36:55 Gold Shaft Mining
37:04 Wheelbarrow
36:23 Town Watch
R3aLPopado
10:34 Feudal Age
11:29 Double-Bit Axe
21:02 Castle Age
29:07 Imperial Age
29:23 Chemistry
29:19 Forging
31:57 Wheelbarrow
31:08 Horse Collar
32:47 Iron Casting
33:13 Loom
33:47 Hand Cart
33:35 Town Watch
35:09 Scale Mail Armor
36:10 Blast Furnace
35:52 Town Patrol
36:17 Squires
36:07 Arson
36:22 Pikeman
TheSadBalls
11:36 Feudal Age
17:03 Castle Age
19:49 Husbandry
MogoDow69
11:09 Feudal Age
10:08 Loom
13:05 Wheelbarrow
15:24 Double-Bit Axe
18:05 Horse Collar
23:12 Scale Mail Armor
23:22 Forging
23:19 Scale Barding Armor
28:04 Castle Age
29:19 Hand Cart
28:49 Town Watch
29:27 Bow Saw
29:39 Heavy Plow
merascolanariz
10:45 Feudal Age
14:54 Castle Age
12:59 Double-Bit Axe
12:57 Horse Collar
14:11 Wheelbarrow
16:00 Loom
17:08 Bow Saw
16:54 Gold Mining
18:08 Fletching
18:26 Padded Archer Armor
19:36 Elite Skirmisher
22:32 Bodkin Arrow
23:36 Leather Archer Armor
24:39 Hand Cart
24:51 Hand Cart
26:46 Stone Mining
28:01 Ballistics
30:07 Heavy Plow
33:55 Imperial Age
32:26 Gold Shaft Mining
32:14 Fortified Wall
33:08 Masonry
33:56 Town Watch
34:49 Pikeman
35:32 Scale Mail Armor
35:42 Forging
37:26 Chemistry
36:32 Siege Engineers
Connection lost

Rejoining the realm…

Still unreachable

The connection could not be restored.

Session expired

The server has moved on; the page needs a fresh start.